 Dungeon Crawl Stone Soup version 0.28-a0-863-g8cecda6153 (webtiles) character file.

Game seed: 18375562570450742416

93 siradein the Skirmisher (level 4, -3/35 HPs)
             Began as a Demonspawn Chaos Knight on Nov 19, 2021.
             Was a Plaything of Xom.
             Frozen to death by an endoplasm (5 damage)
             ... on level 3 of the Dungeon.
             The game lasted 00:07:47 (2236 turns).

siradein the Skirmisher (Demonspawn Chaos Knight)   Turns: 2236, Time: 00:07:48

Health: -3/35      AC:  5    Str: 13 (14) XL:     4   Next: 37%
Magic:  4/4        EV: 11    Int: 13      God:    Xom [....*.]
Gold:   130        SH:  0    Dex: 12      Spells: 3/3 levels left

rFire   . . .      SeeInvis .   a - +0 mace (chaos)
rCold   . . .      Faith    .   (no shield)
rNeg    . . .      Spirit   .   b - +2 leather armour
rPois   .          Reflect  .   (no helmet)
rElec   .          Harm     .   (no cloak)
rCorr   .          Rampage  .   (no gloves)
Will    +....      Clarity  +   (no boots)
Stlth   +++.......              f - amulet of the acrobat
HPRegen 0.11/turn               (no ring)
MPRegen 0.09/turn               (no ring)

@: especially stealthy
A: ignite blood 1, weakness stinger 2, clarity, strong-willed 1, wild magic 1,
noise suppression
a: Renounce Religion


You were on level 3 of the Dungeon.
You worshipped Xom.
You were a beloved toy of Xom.
You visited 1 branch of the dungeon, and saw 5 of its levels.

You collected 130 gold pieces.

Inventory:

Hand Weapons
 a - a +0 mace of chaos (weapon)
Missiles
 c - 75 stones (quivered)
 g - 4 javelins
 l - a throwing net
Armour
 b - a +2 leather armour (worn)
Jewellery
 f - an amulet of the acrobat (around neck)
Wands
 i - a wand of flame (22)
Scrolls
 k - a scroll of fog {unknown}
 n - a scroll of teleportation {unknown}
Potions
 d - 2 potions of invisibility {unknown}
 e - a potion of brilliance {unknown}
 h - 2 potions of heal wounds {unknown}
 j - a potion of attraction {unknown}
 m - 2 potions of mutation {unknown}


   Skills:
 + Level 3.5 Fighting
 + Level 3.2 Maces & Flails
 + Level 2.4 Armour
 + Level 1.8 Dodging
 + Level 1.2 Unarmed Combat


You had 3 spell levels left.
You didn't know any spells.
Your spell library was empty.

Dungeon Overview and Level Annotations

Branches:
Dungeon (5/15)
 Temple: D:4-7

Altars:
Yredelemnul

Annotations:
D:3 Grinder


Innate Abilities, Weirdness & Mutations

Your demonic aura sometimes causes spilled blood to erupt in flames.
You have a tail ending in a sharp stinger.
You possess an exceptional clarity of mind.
You are strong-willed. (Will+)
Your spells are a little harder to cast, but a little more powerful.
You passively dampen the noise of your surroundings.


Message History

Your quasit bites the acid dragon but does no damage.
Your quasit claws the acid dragon but does no damage.
Your quasit barely misses the acid dragon.
Your quasit bites the acid dragon but does no damage.
Your quasit claws the acid dragon but does no damage. x2
Your quasit bites the acid dragon.
Your quasit claws the acid dragon but does no damage. x2
Found a scroll labelled FINIGON QEIDI.
Your quasit bites the acid dragon but does no damage.
Your quasit claws the acid dragon but does no damage. x2
You open the door.
Found 15 stones.
Found a stone staircase leading up.
Found 28 arrows.
There is an open door here.
There is a stone staircase leading up here.
You climb upwards.
Xom shushes you conspicuously.
You feel stealthy.
The endoplasm quivers.
Found 12 gold pieces.
Found a stone staircase leading up.
There is a stone staircase leading down here.
You are no longer corroded.
You see here 4 gold pieces.
There is a stone staircase leading up here.
You climb upwards.
Level annotation: Grinder The endoplasm quivers.
Found a stone staircase leading up.
There is a stone staircase leading down here.
An endoplasm is nearby!
The endoplasm completely misses you.
You hit the endoplasm. You burn the endoplasm.
You tail-slap the endoplasm, but do no damage.
The endoplasm is almost dead.
The endoplasm freezes you.
You are frozen.
* * * LOW HITPOINT WARNING * * *
The endoplasm freezes you.
You are frozen.
You die...

#.#
...<..#.#
..#..#.#
#.#..#.#
....#<#
#...###
#.....#
###.##...#
#....J@>.#
#.#........#
#.######## #


You could see an endoplasm.

Vanquished Creatures
  3 gnolls (D:2)
  2 adders
  A worm (D:2)
  A dart slug (D:1)
  3 bats
  2 endoplasms
  A giant cockroach (D:2)
  3 goblins
  5 hobgoblins
  3 jackals (D:2)
  3 ball pythons
  2 frilled lizards
  8 kobolds
  3 rats
40 creatures vanquished.

Notes
Turn   | Place    | Note
-------+----------+-------------------------------------------
     0 | D:1      | siradein the Demonspawn Chaos Knight began the quest for
                  | the Orb.
     0 | D:1      | Reached XP level 1. HP: 18/18 MP: 1/1
    73 | D:1      | Reached skill level 1 in Dodging
   107 | D:1      | XOM: silly message
   112 | D:1      | XOM: divination: detect items
   357 | D:1      | XOM: silly message
   361 | D:1      | XOM: silly message
   385 | D:1      | XOM: butterfly on damage
   420 | D:1      | XOM: confusion (+ monsters)
   431 | D:1      | Discovered your monstrous ancestry.
   431 | D:1      | Gained mutation: You have a small tail. [demonic ancestry]
   431 | D:1      | Reached XP level 2. HP: 14/24 MP: 2/2
   841 | D:1      | XOM: give mutations
   841 | D:1      | Gained mutation: You are strong-willed. (Will+) [Xom's
                  | grace]
   841 | D:1      | Gained mutation: Your spells are a little harder to cast,
                  | but a little more powerful. [Xom's grace]
   841 | D:1      | Gained mutation: You passively dampen the noise of your
                  | surroundings. [Xom's grace]
   841 | D:1      | Gained mutation: You possess an exceptional clarity of
                  | mind. [Xom's grace]
  1015 | D:1      | Found a faded altar of an unknown god.
  1084 | D:2      | Found a basalt altar of Yredelemnul.
  1116 | D:2      | Gained mutation: Your demonic aura sometimes causes spilled
                  | blood to erupt in flames. [demonic ancestry]
  1116 | D:2      | Reached XP level 3. HP: 19/29 MP: 3/3
  1656 | D:2      | XOM: blink monster(s)
  1656 | D:2      | XOM: butterfly on damage
  1666 | D:2      | XOM: confuse monster(s)
  1669 | D:2      | Reached skill level 1 in Unarmed Combat
  1670 | D:2      | Gained mutation: You have a tail ending in a sharp stinger.
                  | [demonic ancestry]
  1670 | D:2      | Reached XP level 4. HP: 22/35 MP: 4/4
  1724 | D:2      | XOM: noise
  1805 | D:2      | XOM: stat loss: -1 Str (13/14)
  2021 | D:3      | Noticed Grinder
  2196 | D:3      | You fall into a shaft and drop 2 floors!
  2196 | D:5      | Entered Level 5 of the Dungeon
  2196 | D:5      | Noticed an ice beast
  2199 | D:5      | XOM: summons friendly quasit
  2204 | D:5      | Noticed an acid dragon
  2204 | D:5      | an ice beast changed into an acid dragon
  2204 | D:5      | XOM: polymorph ice beast -> acid dragon
  2205 | D:5      | XOM: butterfly on damage
  2206 | D:5      | XOM: confuse monster(s)
  2222 | D:4      | XOM: stealth player
  2236 | D:3      | Frozen to death by an endoplasm

Illustrated notes

Levels and vault maps discovered:
D:1:      dpeg_arrival_orchard, layout_basic,
          shapermc_ecumenical_altar_mp_urbaneastern
D:2:      layout_rooms, basic_altar
D:3:      layout_basic, uniq_grinder
D:4:      layout_cave_pools, makhleb_heckhound_becter, grunt_decor_mini_mirrors,
          columned_hall_lemuel, chequers_serial_rivers_marsh, eino_curves_01,
          nrook_mini_backslash, lexackson_kobold_supper
D:5:      layout_basic, serial_shops, nicolae_lakefront_shop

Skill      XL: |  1  2  3 |
---------------+----------+-----
Dodging        | 1 |  1.8
Armour         | 2 |  2.4
Maces & Flails | 3 |  3.2
Unarmed Combat | 1 |  1.2
Fighting       | |  3.5

Action                   |  1- 3 |  4- 6 || total
-------------------------+-------+-------++-------
Melee: Mace              |    95 |    17 ||   112
       Tailslap          |     9 |     2 ||    11
       Punch             |     1 |       ||     1
 Stab: Confused          |     1 |       ||     1
Armor: Leather armour    |    35 |     2 ||    37
Dodge: Dodged            |    65 |     6 ||    71

Table legend: (Time is in decaauts)
 A = Elapsed time spent in this place.
 B = Non-inter-level travel time spent in this place.
 C = Inter-level travel time spent in this place.
 D = Time resting spent in this place.
 E = Time spent auto-exploring this place.
 F = Levels seen in this place.
 G = Mean time per level.
                   A        B        C        D        E       F      G
               +--------+--------+--------+--------+--------+-----+--------+
         Total |   2263 |   2234 |     29 |    106 |   1688 |   5 |  452.6 |
       Dungeon |   2263 |   2234 |     29 |    106 |   1688 |   5 |  452.6 |
               +--------+--------+--------+--------+--------+-----+--------+

Top non-repeatable levels by time:
     D:1: 1037 daAuts
     D:2: 921 daAuts
     D:3: 265 daAuts
     D:5: 26 daAuts
     D:4: 11 daAuts
